AoeStats
← TheBrian

Arena

510458854Analyzed
4v4 RM · 1d ago on Oct 1, 2026· 29m 21s· 8 players
Game mode
Random Map
Map size
Large (8 player)
Population
200
Speed
Normal
Resources
Standard
Victory
Conquest
Starting age
Dark Age
Ending age
Imperial Age
RankedLock teamsTeams togetherTeam positionsShared explorationLock speedFull tech treeHidden civsTurbo modeCheats
Victory
Defeat
🇨🇦 Spanish · Canada
1307
+17
🇧🇴 Teutons · Bolivia
1295
+17
🇨🇴 Varangians · Colombia
1264
+18
🇵🇪 Byzantines · Peru
1258
+20
🇵🇦 Mongols · Panama
1345
-19
1341
-19
🇨🇳 Huns · China
1325
-18
🇲🇽 Byzantines · Mexico
1267
-16
Bugzy
10:13 Feudal Age
9:53 Loom
14:02 Castle Age
jaimeerp
10:01 Feudal Age
11:16 Loom
14:26 Castle Age
13:44 Double-Bit Axe
14:24 Horse Collar
16:19 Heavy Plow
16:30 Bow Saw
21:31 Wheelbarrow
23:51 Hand Cart
25:22 Fervor
25:44 Gold Mining
29:57 Imperial Age
27:11 Pikeman
27:37 Gambesons
27:52 Squires
27:38 Arson
27:55 Scale Mail Armor
28:05 Forging
30:16 Chain Mail Armor
DictadorTirano
11:10 Feudal Age
12:50 Loom
16:28 Castle Age
15:44 Double-Bit Axe
15:42 Horse Collar
17:07 Elite Skirmisher
17:28 Elite Skirmisher
20:56 Fletching
23:43 Gold Mining
26:54 Imperial Age
26:03 Bow Saw
25:55 Heavy Plow
27:14 Padded Archer Armor
28:41 Chemistry
29:12 Leather Archer Armor
30:02 Two-Man Saw
30:23 Two-Man Saw
GG LA LIFE KARIN
6:01 Loom
8:43 Feudal Age
9:18 Double-Bit Axe
10:28 Town Watch
12:44 Fletching
18:58 Horse Collar
23:15 Castle Age
24:47 Man-at-Arms
25:12 Gambesons
26:21 Pikeman
28:05 Forging
27:56 Scale Mail Armor
28:03 Long Swordsman
30:01 Iron Casting
roly_vic
6:56 Loom
9:16 Feudal Age
13:12 Fletching
22:26 Castle Age
21:15 Double-Bit Axe
23:33 Bodkin Arrow
26:53 Scale Barding Armor
27:43 Forging
TheBrian
9:53 Feudal Age
9:07 Loom
14:17 Castle Age
12:47 Double-Bit Axe
14:13 Gold Mining
20:28 Fletching
73624617386501790
9:51 Feudal Age
10:22 Double-Bit Axe
13:46 Castle Age
11:56 Horse Collar
14:41 Bow Saw
14:33 Heavy Plow
V我50%匡扶汉室
12:16 Feudal Age
12:54 Double-Bit Axe
12:52 Horse Collar
16:33 Castle Age
18:02 Bow Saw
28:44 Fletching
Connection lost

Rejoining the realm…

Still unreachable

The connection could not be restored.

Session expired

The server has moved on; the page needs a fresh start.